 Dungeon Crawl Stone Soup version 0.29-a0-878-g7b45a56547 (webtiles) character file.

Game seed: 2183516041696774513

3614 Gargoyl the Chopper (level 10, -3/63 HPs)
             Began as a Gargoyle Berserker on July 20, 2022.
             Was a Priest of Trog.
             Slain by a yak (5 damage)
             ... on level 8 of the Dungeon.
             The game lasted 00:10:33 (7992 turns).

Gargoyl the Chopper (Gargoyle Berserker)            Turns: 7992, Time: 00:10:34

Health: -3/63      AC: 17    Str: 24    XL:     10   Next: 11%
Magic:  10/10      EV: 12    Int:  7    God:    Trog [***...]
Gold:   361        SH:  4    Dex: 11    Spells: 9/9 levels left

rFire   + + +      SeeInvis .   D - +5 falchion
rCold   . . .      Faith    .   m - +0 buckler
rNeg    + . .      Spirit   .   A - +0 steam dragon scales
rPois   ∞          Reflect  .   q - +0 helmet
rElec   +          Harm     .   (no cloak)
rCorr   .          Rampage  .   E - +0 pair of gloves
Will    +....                   F - +0 pair of boots
Stlth   ++........              (no amulet)
HPRegen 0.20/turn               i - ring of protection from fire
MPRegen 0.12/turn               p - ring of protection from fire

@: no status effects
A: sickness immunity, AC +7, negative energy resistance 1, electricity
resistance, torment resistance 1, petrification resistance, fire resistance 1,
strong-willed 1
a: Renounce Religion, Berserk, Trog's Hand


You were on level 8 of the Dungeon.
You worshipped Trog.
Trog was most pleased with you.
You visited 1 branch of the dungeon, and saw 8 of its levels.

You collected 361 gold pieces.

Inventory:

Hand Weapons
 x - a +0 flail of holy wrath
 y - a +1 war axe
 D - a +5 falchion (weapon)
Missiles
 b - 19 poisoned darts (quivered)
Armour
 m - a +0 buckler (worn)
 q - a +0 helmet (worn)
 A - +0 steam dragon scales (worn)
 E - a +0 pair of gloves (worn)
 F - a +0 pair of boots (worn)
Jewellery
 i - a ring of protection from fire (left hand)
 p - a ring of protection from fire (right hand)
 C - a ring of resist corrosion
Wands
 a - a wand of mindburst (15)
 t - a wand of polymorph (5)
 u - a wand of paralysis (3)
Scrolls
 f - 2 scrolls of fog
 h - 2 scrolls of identify
 r - 2 scrolls of teleportation
 z - 2 scrolls of fear
Potions
 c - 2 potions of cancellation
 d - 2 potions of lignification
 e - 2 potions of curing
 g - a potion of invisibility
 j - a potion of heal wounds
 k - a potion of flight
 l - a potion of haste
 n - a potion of magic {unknown}
 o - a potion of mutation
 s - 2 potions of might {unknown}


   Skills:
 + Level 7.1 Fighting
 + Level 5.3 Long Blades
 + Level 7.8(7.9) Axes
 + Level 1.5(5.6) Maces & Flails
 + Level 0.4 Throwing
 + Level 5.9 Armour
 + Level 4.2 Dodging
 + Level 1.6 Stealth
 + Level 3.1 Shields
 + Level 0.1 Evocations


You had 9 spell levels left.
You didn't know any spells.
Your spell library was empty.

Dungeon Overview and Level Annotations

Branches:
Dungeon (8/15)             Temple (0/1) D:4
   Lair: D:8-11

Altars:
Sif Muna

Shops:
D:6 *


Innate Abilities, Weirdness & Mutations

You are immune to sickness and miasma.
Your stone body is resilient. (AC +7)
You are immune to poison.
You resist negative energy. (rN+)
You are resistant to electric shocks. (rElec)
You are resistant to unholy torment.
You are immune to petrification.
Your flesh is heat resistant. (rF+)
You are strong-willed. (Will+)


Message History

The yak gores you but does no damage.
You barely miss the yak.
The yak is severely wounded.
The yak gores you but does no damage.
You hit the yak but do no damage.
The yak is severely wounded.
You block the yak's attack.
You slash the yak!
The yak is almost dead.
The yak gores you but does no damage. You block the yak's attack.
You hit the yak but do no damage.
The yak is almost dead.
The yak gores you!
You slash the yak!
You kill the yak!
Trog accepts your kill.
You hit the yak.
The yak is lightly wounded.
The yak gores you!
* * * LOW HITPOINT WARNING * * *
You hit the yak.
The yak is lightly wounded.
You block the yak's attack.
You hit the yak.
The yak is moderately wounded.
The yak gores you!
* * * LOW HITPOINT WARNING * * *
You hit the yak.
The yak is heavily wounded.
The yak gores you but does no damage.
You barely miss the yak.
The yak is heavily wounded.
The yak gores you but does no damage.
You hit the yak.
The yak is heavily wounded.
The yak gores you but does no damage.
You barely miss the yak.
The yak is heavily wounded.
The yak gores you.
You die...

...........#
.........#
........#
......#
#.....#
#....#
##.### ##Y##
##@## #.
#..## ##..
##..#
###...#
##.###....#
##.....#
##...##
##...##
#<....##
#......##


You could see a yak.

Vanquished Creatures
  A kobold demonologist (D:8)
  Prince Ribbit (D:5)
  Sigmund (D:3)
  3 yaks (D:8)
  A steam dragon (D:6)
  Menkaure (D:5)
  2 water moccasins
  3 sky beasts
  An ogre (D:5)
  A black bear (D:5)
  2 centaurs
  A kobold brigand (D:7)
  A gnoll sergeant (D:8)
  A bullfrog (D:8)
  A scorpion (D:5)
  8 wights
  2 jellies (D:6)
  4 hounds
  A gnoll bouda (D:5)
  4 iguanas
  Natasha (thrice) (D:2)
  6 orc wizards
  Robin (D:4)
  7 gnolls
  7 adders
  A shadow imp (D:5)
  3 white imps
  An ufetubus (D:6)
  2 worms
  A dart slug (D:4)
  22 orcs
  4 ball pythons
  5 endoplasms
  2 giant cockroaches
  15 goblins
  7 hobgoblins
  6 jackals
  2 quokkas
  9 bats
  A frilled lizard (D:3)
  10 kobolds
  5 rats
160 creatures vanquished.

Vanquished Creatures (others)
  A kobold (D:7)
1 creature vanquished.

Grand Total: 161 creatures vanquished

Notes
Turn   | Place    | Note
-------+----------+-------------------------------------------
     0 | D:1      | Gargoyl the Gargoyle Berserker began the quest for the Orb.
     0 | D:1      | Reached XP level 1. HP: 14/14 MP: 1/1
   207 | D:1      | Reached XP level 2. HP: 14/19 MP: 2/2
   493 | D:1      | Found a faded altar of an unknown god.
   604 | D:1      | Reached XP level 3. HP: 16/23 MP: 3/3
  1213 | D:2      | Reached ** piety under Trog
  1584 | D:2      | Noticed Natasha
  1596 | D:2      | Killed Natasha
  1597 | D:2      | Reached XP level 4. HP: 22/29 MP: 4/4
  1766 | D:2      | Noticed Natasha
  1780 | D:2      | Killed Natasha
  2016 | D:2      | Noticed Natasha
  2030 | D:2      | Killed Natasha
  2031 | D:2      | Reached XP level 5. HP: 33/33 MP: 5/5
  2763 | D:4      | Noticed Sigmund
  2786 | D:3      | Killed Sigmund
  2787 | D:3      | Reached XP level 6. HP: 39/39 MP: 6/6
  3208 | D:4      | Found a staircase to the Ecumenical Temple.
  3355 | D:4      | Noticed Robin
  3364 | D:4      | Reached skill level 5 in Axes
  3366 | D:4      | Killed Robin
  3708 | D:4      | Found a shimmering blue altar of Sif Muna.
  3856 | D:5      | Entered Level 5 of the Dungeon
  3905 | D:5      | Reached XP level 7. HP: 37/44 MP: 7/7
  4021 | D:5      | Reached skill level 5 in Fighting
  4592 | D:5      | Noticed Prince Ribbit
  4608 | D:5      | Killed Prince Ribbit
  4609 | D:5      | Reached skill level 1 in Shields
  4609 | D:5      | Reached XP level 8. HP: 50/50 MP: 8/8
  4788 | D:5      | Reached skill level 5 in Armour
  4976 | D:5      | Noticed Menkaure
  4991 | D:5      | Killed Menkaure
  5127 | D:5      | Reached *** piety under Trog
  5570 | D:6      | Found Keamogicw's Gadget Gallery.
  5669 | D:6      | Reached XP level 9. HP: 41/55 MP: 9/9
  6048 | D:6      | Reached skill level 1 in Maces & Flails
  6314 | D:7      | Reached skill level 1 in Stealth
  6518 | D:7      | Reached skill level 1 in Long Blades
  7099 | D:7      | Gained mutation: Your flesh is heat resistant. (rF+)
                  | [potion of mutation]
  7099 | D:7      | Gained mutation: You are strong-willed. (Will+) [potion of
                  | mutation]
  7684 | D:8      | Noticed a kobold demonologist
  7699 | D:8      | Killed a kobold demonologist
  7955 | D:8      | Reached XP level 10. HP: 39/63 MP: 10/10
  7973 | D:8      | Reached skill level 5 in Long Blades
  7988 | D:8      | HP: 1/63 [yak (8)]
  7992 | D:8      | Slain by a yak

Illustrated notes

Levels and vault maps discovered:
D:1:      saegor_arrival_simple_c, layout_basic,
          dreamdust_ecumenical_altar_grove
D:2:      layout_rooms, uniq_natasha
D:3:      layout_rooms, nrook_uturn, feat_on_display
D:4:      layout_cave_pods, old_standard_altar,
          minmay_temple_entry_from_below_a, uniq_robin, uniq_sigmund
D:5:      layout_basic, kennysheep_small_circle, uniq_prince_ribbit1,
          uniq_menkaure
D:6:      layout_loops_ring, nicolae_shop_gadgets
D:7:      layout_basic
D:8:      layout_cave_pods, nicolae_tso_besieged_by_evil

Skill      XL: |  1  2  3  4  5  6  7  8  9 10 |
---------------+-------------------------------+-----
Axes           | 3 4 5 6 7 |  7.8
Dodging        | 2 4 |  4.2
Fighting       | 4 5 6 7 |  7.1
Armour         | 3 4 5 |  5.9
Shields        | 1 3 |  3.1
Maces & Flails | 1 |  1.5
Stealth        | 1 |  1.6
Long Blades    | 4 5 |  5.3
Throwing       | |  0.4
Evocations     | |  0.1

Action                   |  1- 3 |  4- 6 |  7- 9 | 10-12 || total
-------------------------+-------+-------+-------+-------++-------
Melee: Hand axe          |   117 |   173 |   190 |       ||   480
       Punch             |       |     1 |       |       ||     1
       Flail             |       |       |    18 |       ||    18
       Falchion          |       |       |   228 |    35 ||   263
Throw: Dart              |       |       |     4 |       ||     4
Invok: Berserk           |     1 |     4 |     4 |       ||     9
       Trog's Hand       |       |     1 |    10 |     1 ||    12
Evoke: Wand              |       |       |     1 |       ||     1
  Use: Scroll            |     3 |     3 |    11 |       ||    17
       Potion            |       |       |     2 |       ||     2
Armor: Animal skin       |    54 |       |       |       ||    54
       Plate armour      |     3 |   152 |   162 |       ||   317
       Steam dragon scal |       |       |   152 |    15 ||   167
Dodge: Dodged            |    98 |    63 |   255 |    11 ||   427
Block: Buckler           |       |    18 |    85 |     4 ||   107

Table legend: (Time is in decaauts)
 A = Elapsed time spent in this place.
 B = Non-inter-level travel time spent in this place.
 C = Inter-level travel time spent in this place.
 D = Time resting spent in this place.
 E = Time spent auto-exploring this place.
 F = Levels seen in this place.
 G = Mean time per level.
                   A        B        C        D        E       F      G
               +--------+--------+--------+--------+--------+-----+--------+
         Total |   8183 |   8036 |    147 |    124 |   6113 |   8 | 1022.9 |
       Dungeon |   8183 |   8036 |    147 |    124 |   6113 |   8 | 1022.9 |
               +--------+--------+--------+--------+--------+-----+--------+

Top non-repeatable levels by time:
     D:5: 1579 daAuts
     D:2: 1295 daAuts
     D:7: 1269 daAuts
     D:4: 1130 daAuts
     D:1: 1026 daAuts
     D:6: 891 daAuts
     D:3: 499 daAuts
     D:8: 491 daAuts
